 Dungeon Crawl Stone Soup version 0.26.1-10-gdfb7c7de75 (webtiles) character file.

Game seed: 5168703330674363462

53 Almogavar the Magician (level 3, 0/28 HPs)
             Began as a Gnoll Wanderer on Mar 31, 2021.
             Slain by a worker ant (5 damage)
             ... on level 4 of the Dungeon.
             The game lasted 00:05:39 (1705 turns).

Almogavar the Magician (Gnoll Wanderer)             Turns: 1705, Time: 00:05:40

Health: 0/28       AC:  2    Str: 16    XL:     3   Next: 89%
Magic:  11/11      EV: 15    Int: 14    God:
Gold:   116        SH:  0    Dex: 15    Spells: 15/16 levels left

rFire    x . .     SeeInvis +   a - +0 spear
rCold    + . .     Faith    .   (no shield)
rNeg     . . .     Spirit   .   d - +0 robe
rPois    .         Reflect  .   (no helmet)
rElec    .         Harm     .   (no cloak)
rCorr    .         Rampage  .   (no gloves)
Will     .....                  (no boots)
Stlth    +.........             (no amulet)
HPRegen  0.09/turn              f - ring of ice
MPRegen  0.12/turn              k - ring of see invisible

@: confused, lethally poisoned (0 -> -6)
A: distributed training, fangs 1, mutation resistance 1, strong 1, strong nose
a: no special abilities


You were on level 4 of the Dungeon.
You visited 1 branch of the dungeon, and saw 3 of its levels.

You collected 116 gold pieces.

Inventory:

Hand Weapons
 a - a +0 spear (weapon)
Missiles
 b - 137 stones
 e - 41 sling bullets
Armour
 d - a +0 robe (worn)
Jewellery
 f - a ring of ice (left hand)
 k - a ring of see invisible (right hand)
Scrolls
 i - a scroll of enchant armour
 j - a scroll of teleportation {unknown}
 l - 2 scrolls of fog {unknown}
 m - a scroll of remove curse {unknown}
 o - a scroll of random uselessness {unknown}
Potions
 c - 4 potions of lignification
 h - a potion of berserk rage {unknown}


   Skills:
 + Level 2.6 Fighting
 + Level 1.0 Short Blades
 + Level 1.0 Long Blades
 + Level 1.0 Axes
 + Level 1.0 Maces & Flails
 + Level 1.0 Polearms
 + Level 1.0 Staves
 + Level 1.0 Slings
 + Level 1.0 Bows
 + Level 1.0 Crossbows
 + Level 1.0 Throwing
 + Level 1.0 Armour
 + Level 4.6 Dodging
 + Level 2.4 Stealth
 + Level 2.6 Shields
 + Level 1.0 Unarmed Combat
 + Level 7.1 Spellcasting
 + Level 0.7 Conjurations
 + Level 0.7 Hexes
 + Level 0.7 Summonings
 + Level 3.8 Necromancy
 + Level 0.7 Translocations
 + Level 0.7 Transmutations
 + Level 0.7 Fire Magic
 + Level 0.7 Ice Magic
 + Level 0.7 Air Magic
 + Level 0.7 Earth Magic
 + Level 0.7 Poison Magic
 + Level 1.0 Invocations
 + Level 1.0 Evocations


You had 15 spell levels left.
You knew the following spells:

 Your Spells              Type           Power        Failure   Level
a - Magic Dart            Conj           28%          11%         1

Your spell library contained the following spells:

 Spells                   Type           Power        Failure   Level
 Blink                    Tloc           N/A          16%         2
 Call Imp                 Summ           7%           16%         2
 Slow                     Hex            7%           16%         2
 Conjure Flame            Conj/Fire      7%           30%         3
 Mephitic Cloud           Conj/Pois/Air  7%           30%         3


Dungeon Overview and Level Annotations

Branches:
Dungeon (2/15)

Altars:


Innate Abilities, Weirdness & Mutations

Your experience applies equally to all skills.
You have very sharp teeth.
Your uncanny sense of smell can sniff out nearby items.
You are somewhat resistant to further mutation.
Your muscles are strong. (Str +2)


Message History

You barely miss the worker ant.
The worker ant is moderately wounded.
You feel sick. The bullfrog skeleton hits you.
* * * LOW HITPOINT WARNING * * *
The worker ant closely misses you. The bullfrog skeleton hits you.
* * * LOW HITPOINT WARNING * * *
The worker ant closely misses you. The worker ant bites you.
* * * LOW HITPOINT WARNING * * *
It was a potion of mutation.
You feel extremely strange.
You feel genetically stable.
You feel stronger.
* * * LOW HITPOINT WARNING * * *
You feel sick. The bullfrog skeleton hits you.
* * * LOW HITPOINT WARNING * * *
The worker ant barely misses you. The worker ant misses you.
It was a potion of ambrosia.
You are confused.
You feel invigorated.
The bullfrog skeleton barely misses you.
The worker ant bites you.
You die...

##. #.. #.# #
###.# ##.# ##
...##...##
###..#........#
#......BZ.....#
#B@......#
#........#
########..


You could see 2 worker ants and a bullfrog skeleton.

Vanquished Creatures
  2 adders (D:2)
  An ooze (D:1)
  An adder skeleton (D:2)
  A dart slug (D:1)
  A leopard gecko (D:1)
  3 goblins
  2 hobgoblins (D:1)
  5 bats
  5 kobolds
  8 rats
29 creatures vanquished.

Notes
Turn   | Place    | Note
-------+----------+-------------------------------------------
     0 | D:1      | Almogavar the Gnoll Wanderer began the quest for the Orb.
     0 | D:1      | Almogavar set off with the following items: a +0 spear, a
                  | potion of lignification, a +0 robe; and the following spell
                  | memorised: Magic Dart; and the following spells available
                  | to memorise: Blink, Call Imp, Slow, Conjure Flame, Mephitic
                  | Cloud
     0 | D:1      | Reached XP level 1. HP: 17/17 MP: 8/8
   329 | D:1      | Reached XP level 2. HP: 23/23 MP: 3/10
  1085 | D:2      | Reached XP level 3. HP: 28/28 MP: 11/11
  1381 | D:2      | Reached skill level 1 in Invocations
  1562 | D:2      | Reached skill level 1 in Short Blades
  1562 | D:2      | Reached skill level 1 in Long Blades
  1562 | D:2      | Reached skill level 1 in Axes
  1562 | D:2      | Reached skill level 1 in Maces & Flails
  1562 | D:2      | Reached skill level 1 in Polearms
  1562 | D:2      | Reached skill level 1 in Staves
  1562 | D:2      | Reached skill level 1 in Slings
  1562 | D:2      | Reached skill level 1 in Bows
  1562 | D:2      | Reached skill level 1 in Crossbows
  1562 | D:2      | Reached skill level 1 in Throwing
  1562 | D:2      | Reached skill level 1 in Armour
  1562 | D:2      | Reached skill level 1 in Unarmed Combat
  1562 | D:2      | Reached skill level 1 in Evocations
  1699 | D:2      | You fall into a shaft and drop 2 floors!
  1704 | D:4      | Gained mutation: You are somewhat resistant to further
                  | mutation. [potion of mutation]
  1704 | D:4      | Gained mutation: Your muscles are strong. (Str +2) [potion
                  | of mutation]
  1704 | D:4      | HP: 1/28 [bullfrog skeleton (4)]
  1705 | D:4      | Slain by a worker ant

Illustrated notes

Levels and vault maps discovered:
D:1:      dpeg_arrival_more_subterranean_lakeside_camping, layout_basic,
          minmay_vboxes
D:2:      layout_loops_ring
D:4:      layout_rooms, led_xom_imps, uniq_eustachio, uniq_menkaure

Skill      XL: |  1  2  3 |
---------------+----------+-----
Invocations    | 1 |  1.0
Short Blades   | 1 |  1.0
Long Blades    | 1 |  1.0
Axes           | 1 |  1.0
Maces & Flails | 1 |  1.0
Polearms       | 1 |  1.0
Staves         | 1 |  1.0
Slings         | 1 |  1.0
Bows           | 1 |  1.0
Crossbows      | 1 |  1.0
Throwing       | 1 |  1.0
Armour         | 1 |  1.0
Unarmed Combat | 1 |  1.0
Evocations     | 1 |  1.0
Fighting       | |  2.6
Dodging        | |  4.6
Stealth        | |  2.4
Shields        | |  2.6
Spellcasting   | |  7.1
Conjurations   | |  0.7
Hexes          | |  0.7
Summonings     | |  0.7
Necromancy     | |  3.8
Translocations | |  0.7
Transmutations | |  0.7
Fire Magic     | |  0.7
Ice Magic      | |  0.7
Air Magic      | |  0.7
Earth Magic    | |  0.7
Poison Magic   | |  0.7

Action                   || total
-------------------------++-------
Melee: Spear             ||    90
       Bite              ||     6
 Cast: Magic Dart        ||    27
  Use: Scroll            ||     1
       Potion            ||     2
 Stab: Sleeping          ||     4
Armor: Robe              ||     9
Dodge: Dodged            ||    70
